 Dungeon Crawl Stone Soup version 0.18-a0-1805-g8ab820f (webtiles) character file.

28 M4edhros the Insei (level 2, 0/20 HPs)
             Began as a Vampire Transmuter on Apr 26, 2016.
             Slain by an adder (3 damage)
             ... on level 2 of the Dungeon.
             The game lasted 00:02:57 (521 turns).

M4edhros the Insei (Vampire Transmuter)              Turns: 521, Time: 00:02:58

Health: 0/20       AC:  4    Str: 14    XL:     2   Next: 96%
Magic:  5/5        EV: 11    Int: 15    God:
Gold:   71         SH:  0    Dex: 14    Spells: 1 memorised, 4 levels left

rFire  . . .     SeeInvis +       - Unarmed
rCold  . . .     Gourm    .     i - +0 ring mail
rNeg   . . .     Faith    .     (no shield)
rPois  .         Spirit   .     f - +1 helmet
rElec  .         Dismiss  .     (no cloak)
rCorr  .         Reflect  .     (no gloves)
SustAt .         Harm     .     (no boots)
MR     .....                    (no amulet)
Stlth  +.........               (no ring)
                                h - -3 ring of protection (curse)

@: mighty, lethally poisoned (0 -> -2), very slightly contaminated, regenerating
quickly, invisible, not resistant to hostile enchantments, very unstealthy
A: fangs 3, see invisible, unbreathing
a: no special abilities


You were on level 2 of the Dungeon.
You were very full.

You visited 1 branch of the dungeon, and saw 2 of its levels.

You collected 71 gold pieces.

Inventory:

Missiles
 a - 26 arrows
 e - 6 tomahawks of dispersal (quivered)
Armour
 b - a +0 robe
 f - a +1 helmet (worn)
 i - a +0 ring mail (worn)
Jewellery
 h - a cursed -3 ring of protection (left hand)
Scrolls
 g - a scroll of identify
 j - a scroll of immolation
 k - a scroll of random uselessness {unknown}
Books
 c - a book of Changes

   Spells                             Type                      Level
   a - Beastly Appendage              Transmutation                1
   b - Sticks to Snakes               Transmutation                2
   c - Spider Form                    Transmutation/Poison         3
   d - Ice Form                       Ice/Transmutation            4
   e - Blade Hands                    Transmutation                5


   Skills:
 - Level 0.8 Fighting
 - Level 2.1 Dodging
 + Level 4.6 Unarmed Combat
 - Level 2.0 Spellcasting
 - Level 2.1 Transmutations


You had 4 spell levels left.
You knew the following spells:

 Your Spells              Type           Power        Failure   Level  Hunger
a - Beastly Appendage     Trmt           #.....       21%         1    #......


Dungeon Overview and Level Annotations

Branches:
Dungeon (2/15)

Altars:


Innate Abilities, Weirdness & Mutations

Your natural rate of healing is unusually fast.
You have razor-sharp teeth.
You have supernaturally acute eyesight.
You can survive without breathing.


Message History

You fade into invisibility!
You are very lightly contaminated with residual magic.
The adder bites you.
* * * LOW HITPOINT WARNING * * *
You are poisoned.
The adder poisons you!
Drink which item? (? for menu, Esc to quit)
Okay, then.
* * * LOW HITPOINT WARNING * * *
You feel sick.
Drink which item? (? for menu, Esc to quit)
You feel very mighty all of a sudden. The adder completely misses you.
You closely miss the adder.
* * * LOW HITPOINT WARNING * * *
You feel sick. The adder closely misses you.
You hit the adder.
The adder is moderately wounded.
The adder bites you.
You die...

#.......#####......%....
##.###..#####..#.#.#....
........##.....#........
.#.................#....
...............#...#....
..###!.##.#####........
#..#.###w.##.#####.#.#....
#........S...#............
#.##.####@############.#.#
### #.#.# #.#.# #.#..
#####


You could see a worm and an adder.

Vanquished Creatures
  An adder (D:1)
  A worm (D:2)
  A dart slug (D:1)
  A giant cockroach (D:2)
  A goblin (D:2)
  2 hobgoblins
  A bat (D:1)
  A giant newt (D:1)
  3 kobolds
  4 rats (D:1)
16 creatures vanquished.

Notes
Turn   | Place    | Note
--------------------------------------------------------------
     0 | D:1      | M4edhros the Vampire Transmuter began the quest for the Orb.
     0 | D:1      | Reached XP level 1. HP: 14/14 MP: 3/3
   295 | D:1      | Reached skill level 4 in Unarmed Combat
   295 | D:1      | Reached XP level 2. HP: 20/20 MP: 5/5
   521 | D:2      | Slain by an adder

Vault maps used:
D:1:      matt_arrival_refuge
D:2:      okawaru_trees_2, lemuel_crystal_altar, bloody_trog, uniq_sigmund

Skill      XL: |  1 |
---------------+----+-----
Unarmed Combat | 4 |  4.6
Fighting       | |  0.8
Dodging        | |  2.1
Spellcasting   | |  2.0
Transmutations | |  2.1

Action                   || total
-------------------------++-------
Melee: Unarmed           ||    82
       Bite              ||     8
       Punch             ||     2
 Cast: Beastly Appendage ||     1
  Use: Potion            ||     9
       Scroll            ||     3
Armor: Robe              ||    10
       Ring mail         ||    18
Dodge: Dodged            ||    54
